 Dungeon Crawl Stone Soup version 0.25-a0-577-ga4619f409e (webtiles) character file.

Game seed: 10364691673746643237, levelgen mode: deterministic

61820 Flugslaktarn the Severer (level 14, -18/133 HPs)
             Began as a Deep Dwarf Fighter on Mar 2, 2020.
             Was the Champion of Makhleb.
             Killed from afar by Nikola (30 damage)
             ... with a chain lightning
             ... on level 2 of the Spider Nest.
             The game lasted 00:10:24 (13235 turns).

Flugslaktarn the Severer (Deep Dwarf Fighter)      Turns: 13235, Time: 00:10:25

Health: -18/133    AC: 24    Str: 28    XL:     14   Next: 62%
Magic:  7/7        EV:  8    Int:  7    God:    Makhleb [******]
Gold:   1151       SH: 13    Dex: 12    Spells: 13/13 levels left

rFire    . . .     SeeInvis .   a - +1 war axe
rCold    + . .     Gourm    .   c - +0 kite shield
rNeg     + + .     Faith    .   B - +0 plate armour
rPois    +         Spirit   .   (no helmet)
rElec    .         Reflect  .   u - +0 cloak
rCorr    .         Harm     .   i - +2 pair of gloves
MR       ++...                  b - +2 pair of boots {run}
Stlth    ..........             g - amulet of the acrobat
HPRegen  0.00/turn              j - ring of positive energy
MPRegen  0.10/turn              J - ring of Xutuel {rPois rC+ EV+1 Str+4 Int-3}

@: mighty, lethally poisoned (-18 -> -18), very slightly contaminated,
non-regenerating, invisible, quick
A: damage resistance, heal wounds, negative energy resistance 1, sense
surroundings 2, no regeneration
a: Heal Wounds, Minor Destruction, Lesser Servant of Makhleb, Major Destruction,
Greater Servant of Makhleb, Renounce Religion


You were on level 2 of the Spider Nest.
You worshipped Makhleb.
Makhleb was exalted by your worship.
You were not hungry.

You visited 4 branches of the dungeon, and saw 19 of its levels.
You also visited: Sewer and Bailey.

You collected 1151 gold pieces.

Inventory:

Hand Weapons
 a - a +1 war axe (weapon)
 C - a +2 scimitar of flaming
   (You took it off Erica on level 9 of the Dungeon)
Missiles
 y - a throwing net (quivered)
Armour
 b - a +2 pair of boots of running (worn)
   (You found it in a bailey)
 c - a +0 kite shield (worn)
 i - a +2 pair of gloves (worn)
   (You found it on level 3 of the Dungeon)
 u - a +0 cloak (worn)
   (You found it on level 9 of the Dungeon)
 B - a +0 plate armour (worn)
   (You took it off an orc warrior on level 7 of the Dungeon)
Jewellery
 g - an amulet of the acrobat (around neck)
   (You found it on level 3 of the Dungeon)
 j - a ring of positive energy (left hand)
   (You found it on level 4 of the Dungeon)
 F - an uncursed amulet of magic regeneration {unknown}
   (You found it on level 2 of the Spider Nest)
 J - the ring of Xutuel (right hand) {rPois rC+ EV+1 Str+4 Int-3}
   (You found it on level 6 of the Lair of Beasts)

   [ring of evasion]

   It affects your evasion (+1).
   It affects your strength (+4).
   It affects your intelligence (-3).
   It protects you from cold.
   It protects you from poison.
Wands
 n - a wand of paralysis (28)
   (You took it off Ijyb on level 5 of the Dungeon)
 H - a wand of acid (4)
   (You found it on level 5 of the Lair of Beasts)
Scrolls
 f - 5 scrolls of magic mapping
 h - 2 scrolls of enchant weapon
 k - 3 scrolls of immolation
 l - a scroll of fear
 r - 2 scrolls of identify
 s - 2 scrolls of torment
 t - 3 scrolls of teleportation
 v - 3 scrolls of fog
 x - 10 scrolls of remove curse
 G - a scroll of summoning
Potions
 d - 2 potions of might
 m - 3 potions of magic
 o - a potion of cancellation
 p - 3 potions of resistance
 q - a potion of curing
 w - 4 potions of heal wounds
 z - 4 potions of stabbing
 A - 3 potions of lignification
 E - a potion of brilliance
 I - a potion of ambrosia
Comestibles
 e - 32 rations
 K - 9 chunks of flesh


   Skills:
 + Level 10.4 Fighting
 * Level 16.1 Axes
 + Level 12.1 Armour
 + Level 12.1 Shields
 + Level 13.0 Invocations


You had 13 spell levels left.
You didn't know any spells.
Your spell library was empty.

Dungeon Overview and Level Annotations

Branches:
Dungeon (9/15)             Temple (1/1) D:4            Lair (6/6) D:9
  Swamp (0/4) Lair:2       Spider (3/4) Lair:4        Slime (0/5) Lair:5
  Sewer (visited)          Bailey (visited)
    Orc: D:9-12

Altars:
Ashenzari
Makhleb
Nemelex Xobeh
Ru
Sif Muna
Trog
Uskayaw
Wu Jian
Yredelemnul
Zin

Shops:
D:9 }

Annotations:
Lair:5 exclusion: oklob plant
Spider:2 Louise, Nikola


Innate Abilities, Weirdness & Mutations

You are resistant to damage.
You can heal yourself by infusing magical energy.
You resist negative energy. (rN+)
You passively map the area around you.
You do not regenerate.


Message History

The lightning arc hits Nikola.
The lightning arc hits you!!!
* * * LOW HITPOINT WARNING * * *
The lightning arc hits Nikola.
You are too injured to fight recklessly!
You are too injured to fight recklessly!
You are too injured to fight recklessly!
You are too injured to fight recklessly!
You are too injured to fight recklessly!
You are too injured to fight recklessly!
You are too injured to fight recklessly!
You are too injured to fight recklessly!
You are too injured to fight recklessly!
You are too injured to fight recklessly!
You feel much better. You block Louise's attack.
Nikola mumbles some strange words.
You hear a mighty clap of thunder!
The lightning arc hits you!!!
* * * LOW HITPOINT WARNING * * *
The lightning arc hits Louise!!
The lightning arc hits you!!
You die...

#........."........... ,
#.......†..........^....
#........................
,, ,
#......†#................,
##..)..##................
, ####..#.................
,, ####........@.....?..
,, #^........†††.......,
,, #.........†@††......, ,
#.........†@†....... ^
##.................. , ,,,
#.......^........(..
##.................( ,,
#.....>............,
##....^............. , , ,
#...................
##................... ,, ,


You could see Nikola and Louise (wandering).

Vanquished Creatures
  The ghost of Siyc the Party-goer, a journeyman DsWn of Uskayaw (Lair:4)
  Josephine (Lair:5)
  Fannar (Lair:1)
  Erica (D:9)
  A two-headed ogre (D:7)
  8 death yaks
  Pikel (D:4)
  4 orb spiders (Spider:2)
  9 wolf spiders
  3 black mambas
  18 spiny frogs
  3 torpor snails
  3 rime drakes
  3 demonic crawlers
  5 komodo dragons
  9 jumping spiders (Spider:2)
  2 tyrant leeches (Lair:6)
  33 blink frogs
  7 hippogriffs
  Sigmund (D:5)
  2 wyverns (Lair:2)
  3 wraiths (Lair:5)
  27 redbacks (Spider:2)
  49 yaks
  10 tarantellas (Spider:2)
  Eustachio (D:4)
  2 hungry ghosts
  5 vampire mosquitoes (Lair:6)
  2 basilisks
  A steam dragon (D:9)
  5 water moccasins
  11 porcupines
  5 sky beasts
  6 orc warriors
  A black bear (Lair:3)
  2 ice beasts
  6 ogres
  5 wolves (Lair:4)
  3 centaurs
  A necrophage (D:7)
  11 crocodiles
  7 big kobolds
  21 bullfrogs
  A water moccasin zombie (D:8)
  3 scorpions
  An electric eel (Lair:6)
  4 crimson imps
  A bullfrog zombie (D:7)
  A centaur zombie (D:7)
  A quasit (D:9)
  3 hounds
  A centaur skeleton (D:6)
  2 bullfrog skeletons (D:9)
  3 orc priests
  A gnoll shaman (D:6)
  Ijyb (D:5)
  15 orc wizards
  2 hell rats (Lair:5)
  8 worker ants
  A worker ant zombie (D:7)
  A howler monkey skeleton (D:8)
  6 gnolls
  10 adders
  2 river rats
  4 shadow imps
  5 oozes (Sewer)
  An adder zombie (D:5)
  7 worms
  3 leopard geckos
  47 orcs
  10 ball pythons
  A bat (D:1)
  2 giant cockroaches
  2 hobgoblins (D:2)
  4 jackals (D:6)
  7 kobolds
  7 quokkas
  A frilled lizard (D:4)
  6 goblins
  2 jackal skeletons (D:4)
  A quokka skeleton (D:5)
  7 rats
  A fungus (Lair:5)
  8 plants
494 creatures vanquished.

Vanquished Creatures (collateral kills)
  4 hydras
  A black mamba (Lair:5)
  4 spiny frogs (Lair:6)
  4 komodo dragons
  2 tyrant leeches (Lair:6)
  3 blink frogs
  A vampire mosquito (Lair:6)
  2 water moccasins
  5 bullfrogs
  5 hell rats (Lair:5)
  2 fungi (Lair:6)
  A plant (Lair:6)
34 creatures vanquished.

Vanquished Creatures (others)
  An emperor scorpion (Spider:2)
  2 orb spiders (Spider:2)
  2 jumping spiders (Spider:2)
  A slave (D:4)
  A bush (Lair:6)
  10 fungi
  31 plants
48 creatures vanquished.

Grand Total: 576 creatures vanquished

Notes
Turn   | Place    | Note
-------+----------+-------------------------------------------
     0 | D:1      | Flugslaktarn the Deep Dwarf Fighter began the quest for the
                  | Orb.
     0 | D:1      | Reached XP level 1. HP: 20/20 MP: 1/1
   127 | D:2      | Reached XP level 2. HP: 25/27 MP: 2/2
   251 | D:4      | Found a hide-covered altar of Uskayaw.
   263 | D:4      | Reached skill level 3 in Axes
   263 | D:4      | Reached XP level 3. HP: 24/34 MP: 3/3
   342 | D:4      | Noticed a slave
   342 | D:4      | Noticed Pikel
   343 | D:4      | Noticed a slave
   345 | D:4      | Noticed a slave
   353 | D:4      | Noticed a slave
   371 | D:4      | Killed Pikel
   371 | D:4      | Reached skill level 5 in Axes
   371 | D:4      | Reached XP level 4. HP: 43/44 MP: 4/4
   371 | D:4      | Reached XP level 5. HP: 49/50 MP: 5/5
   371 | D:4      | Reached XP level 6. HP: 56/57 MP: 6/6
   376 | D:4      | Found a staircase to the Ecumenical Temple.
   413 | Temple   | Entered the Ecumenical Temple
   505 | Temple   | Became a worshipper of Makhleb the Destroyer
   583 | D:4      | Found a glowing drain.
   595 | D:4      | Reached XP level 7. HP: 45/64 MP: 7/7
   600 | Sewer    | Entered a sewer
   803 | Sewer    | Reached skill level 5 in Armour
   803 | Sewer    | Reached skill level 5 in Shields
   803 | Sewer    | Reached skill level 1 in Invocations
   981 | Sewer    | Reached skill level 6 in Axes
  1213 | Sewer    | Reached XP level 8. HP: 59/73 MP: 9/9
  1401 | D:4      | Noticed Eustachio
  1421 | D:4      | Killed Eustachio
  1429 | D:4      | Reached * piety under Makhleb
  1556 | D:4      | Reached skill level 7 in Axes
  1821 | D:5      | Entered Level 5 of the Dungeon
  1971 | D:5      | Noticed Sigmund
  2003 | D:5      | Killed Sigmund
  2003 | D:5      | Reached skill level 5 in Fighting
  2049 | D:5      | Noticed Ijyb
  2060 | D:5      | Killed Ijyb
  2466 | D:6      | Reached skill level 8 in Axes
  2818 | D:6      | Gained mutation: You passively map the area around you.
                  | [Deep Dwarf growth]
  2818 | D:6      | Reached XP level 9. HP: 67/81 MP: 11/11
  2829 | D:6      | Reached ** piety under Makhleb
  3422 | D:7      | Reached skill level 5 in Invocations
  3459 | D:7      | Noticed a two-headed ogre
  3484 | D:7      | Killed a two-headed ogre
  3484 | D:7      | Reached skill level 9 in Axes
  3684 | D:7      | Reached XP level 10. HP: 12/91 MP: 9/9
  3684 | D:7      | HP: 3/91 [hippogriff (4)]
  4328 | D:8      | Reached skill level 10 in Axes
  4409 | D:7      | Reached *** piety under Makhleb
  4501 | D:8      | Found a flagged portal.
  4526 | Bailey   | Entered a bailey
  4725 | Bailey   | Noticed an orc knight
  4725 | Bailey   | Noticed an orc knight
  4946 | Bailey   | Identified a +0 pair of boots of running (You found it in a
                  | bailey)
  5659 | D:9      | Reached **** piety under Makhleb
  6064 | D:9      | Found a staircase to the Lair.
  6103 | D:9      | Found Vuadgh's Gadget Boutique.
  6219 | D:9      | Noticed Erica
  6258 | D:9      | Killed Erica
  6258 | D:9      | Reached skill level 11 in Axes
  6298 | D:9      | Found a bloodstained altar of Trog.
  6468 | D:9      | Found a basalt altar of Yredelemnul.
  6597 | Lair:1   | Entered Level 1 of the Lair of Beasts
  6597 | Lair:1   | Noticed Fannar
  6628 | Lair:1   | Killed Fannar
  6628 | Lair:1   | Reached XP level 11. HP: 44/100 MP: 9/9
  6981 | Lair:1   | Reached skill level 12 in Axes
  8071 | Lair:2   | Reached ***** piety under Makhleb
  8129 | Lair:2   | Found a staircase to the Swamp.
  8186 | Lair:2   | Noticed a seven-headed hydra
  8200 | Lair:2   | Killed a seven-headed hydra
  8311 | Lair:2   | Reached XP level 12. HP: 62/110 MP: 10/10
  8334 | Lair:2   | Noticed a death yak
  8370 | Lair:2   | Killed a death yak
  9063 | Lair:3   | Reached skill level 10 in Invocations
  9135 | Lair:3   | Reached skill level 13 in Axes
  9256 | Lair:3   | Reached skill level 10 in Shields
  9259 | Lair:3   | Reached skill level 10 in Armour
  9511 | Lair:4   | Found a hole to the Spider Nest.
 10010 | Lair:4   | Found a runed translucent gate.
 10010 | Lair:4   | Found a runed translucent gate.
 10010 | Lair:4   | Found a runed translucent gate.
 10012 | Lair:4   | Noticed Siyc's ghost (journeyman DsWn)
 10047 | Lair:4   | Killed Siyc's ghost
 10536 | Lair:5   | Noticed a death yak
 10536 | Lair:5   | Noticed a death yak
 10537 | Lair:5   | Noticed a death yak
 10538 | Lair:5   | Noticed a death yak
 10540 | Lair:5   | Noticed a death yak
 10541 | Lair:5   | Noticed a death yak
 10543 | Lair:5   | Killed a death yak
 10550 | Lair:5   | Killed a death yak
 10576 | Lair:5   | Killed a death yak
 10576 | Lair:5   | Reached XP level 13. HP: 121/121 MP: 8/8
 10588 | Lair:5   | Reached skill level 14 in Axes
 10799 | Lair:5   | Noticed Josephine
 10840 | Lair:5   | Killed Josephine
 11538 | Lair:5   | Found a staircase to the Slime Pits.
 11563 | Lair:6   | Entered Level 6 of the Lair of Beasts
 11877 | Lair:6   | Reached skill level 15 in Axes
 12043 | Lair:6   | Got an ancient lead ring
 12139 | Lair:6   | Reached ****** piety under Makhleb
 12243 | Lair:6   | Gained mutation: You resist negative energy. (rN+) [Deep
                  | Dwarf growth]
 12243 | Lair:6   | Reached XP level 14. HP: 130/130 MP: 8/8
 12594 | Lair:6   | Identified the ring of Xutuel {rPois rC+ EV+1 Str+4 Int-3}
                  | (You found it on level 6 of the Lair of Beasts)
 12794 | Spider:1 | Entered Level 1 of the Spider Nest
 12850 | Spider:1 | Reached skill level 10 in Fighting
 13163 | Spider:3 | Noticed an entropy weaver
 13190 | Spider:2 | Noticed Nikola
 13192 | Spider:2 | Noticed Louise
 13197 | Spider:2 | Noticed an emperor scorpion
 13224 | Spider:2 | Reached skill level 16 in Axes
 13234 | Spider:2 | Killed an emperor scorpion
 13235 | Spider:2 | Killed from afar by Nikola

Levels and vault maps discovered:
D:1:      saegor_arrival_under_anarchy, layout_basic
D:2:      layout_loops_corners
D:3:      layout_rooms, old_standard_altar, first_ration, grunt_ministairs_15,
          minmay_goblin_kobold_house
D:4:      layout_loops_cross, overflow_temple_1_default,
          minmay_temple_entry_statues_fountains, portal_sewer_entry_e,
          saegor_snake_ambush, uniq_eustachio, uniq_pikel
D:5:      layout_basic, minmay_a_box_with_orc_wizards_in_it, uniq_sigmund,
          uniq_ijyb
D:6:      layout_basic
D:7:      minmay_opposing_rooms, layout_basic
D:8:      layout_loops_ring, enter_bailey_3
D:9:      layout_cave_pods, bloody_trog, kennysheep_little_box,
          lair_entry_dummy, serial_shops, nicolae_shop_trees,
          blue_anna_alchemist [blue_anna_fruit_fields, blue_anna_fruit_fields],
          minmay_misc_feat_columns, minmay_orc_keep, uniq_erica
Temple:   dpeg_five_rooms_temple
Lair:1:   layout_layer_cave, uniq_fannar
Lair:2:   layout_regular_city, swamp_mist, serial_bayou_shore_b
Lair:3:   layout_big_grid
Lair:4:   layout_regular_city, spider_nest_entry_web_field,
          ebering_ghost_rock_garden
Lair:5:   layout_cave_pods, minmay_slime_entry_oklob_enclosed,
          beast_lair_carwin_6, lemuel_fruit_tree, uniq_josephine
Lair:6:   minmay_lair_end_frog_pond, layout_cave_pods
Spider:1: layout_spider_delve, gammafunk_ghost_cemetery,
          nicolae_spider_webs_and_nodes
Spider:2: layout_spider_delve, drop_trap, zaba_antful_of_joy, uniq_louise,
          uniq_nikola
Spider:3: layout_spider_delve

Skill      XL: |  1  2  3  4  5  6  7  8  9 10 11 12 13 14 |
---------------+-------------------------------------------+-----
Fighting       | 3 4 5 6 7 8 9 10 | 10.4
Axes           | 3 5 6 8 9 11 12 13 15 16 | 16.1
Armour         | 4 5 6 7 8 9 10 11 12 | 12.1
Shields        | 4 5 6 7 8 9 10 11 12 | 12.1
Invocations    | 2 4 6 8 9 11 12 13 | 13.0

Action                   |  1- 3 |  4- 6 |  7- 9 | 10-12 | 13-15 || total
-------------------------+-------+-------+-------+-------+-------++-------
Melee: War axe           |    73 |    26 |   566 |  1035 |   704 ||  2404
Invok: Lesser Servant of |       |       |       |     2 |     7 ||     9
 Abil: Heal Wounds       |     3 |       |    18 |    22 |    14 ||    57
  Use: Potion            |       |       |     1 |       |     5 ||     6
       Scroll            |       |       |       |    20 |     7 ||    27
 Stab: Distracted        |       |       |       |       |     3 ||     3
       Invisible         |       |       |       |       |    27 ||    27
  Eat: Chunk             |       |       |    11 |    20 |    10 ||    41
       Ration            |       |       |       |     2 |       ||     2
Armor: Scale mail        |    38 |    17 |   180 |    17 |       ||   252
       Plate armour      |       |       |       |   477 |   518 ||   995
Dodge: Dodged            |    32 |     8 |   160 |   300 |   258 ||   758
Block: Kite shield       |    53 |     8 |   261 |   672 |   634 ||  1628

Table legend:
 A = Non-vault XP
 B = Vault XP
 C = Vault XP percentage of total XP
 D = Non-vault monster count
 E = Vault monster count
 F = Vault count percentage of total count
                 A         B        C        D         E       F
            +---------+---------+-------+---------+---------+-------
      Total |   66825 |   21490 |  24.3 |     367 |     152 |  29.3
            +---------+---------+-------+---------+---------+-------
        D:1 |       6 |       0 |   0.0 |       3 |       0 |   0.0
        D:2 |       8 |       0 |   0.0 |       4 |       0 |   0.0
        D:3 |       6 |       4 |  40.0 |       3 |       4 |  57.1
        D:4 |     322 |     747 |  69.9 |      15 |      12 |  44.4
        D:5 |     348 |     421 |  54.7 |       9 |       6 |  40.0
        D:6 |     523 |       0 |   0.0 |      22 |       0 |   0.0
        D:7 |    2383 |     970 |  28.9 |      33 |       9 |  21.4
        D:8 |    1400 |       8 |   0.6 |      26 |       4 |  13.3
        D:9 |    1063 |    1314 |  55.3 |      24 |      11 |  31.4
     Lair:1 |    8360 |     864 |   9.4 |      40 |       1 |   2.4
     Lair:2 |    3715 |       0 |   0.0 |      13 |       0 |   0.0
     Lair:3 |    5458 |       0 |   0.0 |      25 |       0 |   0.0
     Lair:4 |    5426 |    1287 |  19.2 |      23 |       1 |   4.2
     Lair:5 |    9331 |    3707 |  28.4 |      31 |      13 |  29.5
     Lair:6 |    7526 |   11152 |  59.7 |      30 |      48 |  61.5
   Spider:1 |     932 |       0 |   0.0 |       2 |       0 |   0.0
   Spider:2 |   20018 |       0 |   0.0 |      64 |       0 |   0.0
      Sewer |       0 |     711 | 100.0 |       0 |      28 | 100.0
     Bailey |       0 |     305 | 100.0 |       0 |      15 | 100.0
            +---------+---------+-------+---------+---------+-------
